 Dungeon Crawl Stone Soup version 0.28.0-53-g5a82cb258f (webtiles) character file.

Game seed: 12815960311316753802

16587 PhantomBowie the Blocker (level 12, -13/80 HPs)
             Began as a Gargoyle Fighter on June 4, 2022.
             Was a High Priest of Okawaru.
             Mangled by a salamander mystic
             ... wielding a +0 dagger
              (17 damage)
             ... in a volcano on June 5, 2022.
             The game lasted 00:59:39 (17799 turns).

PhantomBowie the Blocker (Gargoyle Fighter)        Turns: 17799, Time: 00:59:39

Health: -13/80     AC: 32    Str: 25    XL:     12   Next: 39%
Magic:  16/16      EV:  7    Int:  9    God:    Okawaru [*****.]
Gold:   985        SH:  6    Dex:  9    Spells: 11/11 levels left

rFire   . . .      SeeInvis .   d - +0 morningstar
rCold   . . .      Faith    .   c - +0 buckler
rNeg    + + .      Spirit   .   D - +0 plate armour
rPois   ∞          Reflect  .   J - +0 helmet
rElec   +          Harm     .   (no cloak)
rCorr   .          Rampage  .   E - +0 pair of gloves
Will    .....                   B - +0 pair of boots
Stlth   ..........              (no amulet)
HPRegen 0.23/turn               s - ring of positive energy
MPRegen 0.15/turn               q - +4 ring of protection

@: no status effects
A: sickness immunity, AC +8, negative energy resistance 1, electricity
resistance, torment resistance 1, petrification resistance
a: Renounce Religion, Heroism, Finesse, Duel


You were in a volcano.
You worshipped Okawaru.
Okawaru was extremely pleased with you.
You visited 3 branches of the dungeon, and saw 14 of its levels.
You also visited: Bailey and Volcano.

You collected 985 gold pieces.

Inventory:

Hand Weapons
 d - a +0 morningstar (weapon)
Missiles
 e - a throwing net
 p - 29 boomerangs
 t - 20 poisoned darts (quivered)
 v - 4 atropa-tipped darts
 L - a curare-tipped dart
Armour
 c - a +0 buckler (worn)
 A - +0 fire dragon scales
 B - a +0 pair of boots (worn)
 D - a +0 plate armour (worn)
 E - a +0 pair of gloves (worn)
 J - a +0 helmet (worn)
Jewellery
 f - a ring of protection from cold
 q - a +4 ring of protection (right hand)
 s - a ring of positive energy (left hand)
 F - a +6 ring of dexterity
Wands
 a - a wand of acid (8)
 w - a wand of charming (5)
 y - a wand of iceblast (37)
 G - a wand of polymorph (2)
 M - a wand of paralysis (8)
Scrolls
 j - a scroll of noise {unknown}
 l - a scroll of vulnerability {unknown}
 m - 3 scrolls of enchant weapon
 n - 3 scrolls of fog
 o - 2 scrolls of magic mapping
 u - 7 scrolls of teleportation
 C - 5 scrolls of fear
 H - a scroll of holy word {unknown}
 I - a scroll of immolation {unknown}
Potions
 b - 4 potions of curing {unknown}
 g - a potion of ambrosia {unknown}
 h - 4 potions of heal wounds
 i - 3 potions of mutation
 k - 2 potions of haste
 r - a potion of attraction {unknown}
 x - 2 potions of lignification {unknown}
 z - 2 potions of flight {unknown}
 K - 2 potions of berserk rage {unknown}
 N - a potion of brilliance {unknown}
 O - a potion of magic {unknown}
 P - a potion of invisibility {unknown}
 Q - a potion of resistance {unknown}


   Skills:
 + Level 11.0 Fighting
 + Level 9.8 Maces & Flails
 + Level 11.0 Armour
 + Level 11.1 Shields
 + Level 6.3 Invocations


You had 11 spell levels left.
You didn't know any spells.
Your spell library contained the following spells:

 Spells                   Type           Power      Damage    Failure   Level
 Magic Dart               Conj           0%         1d3       99%         1
 Shock                    Conj/Air       0%         1d3       99%         1
 Blink                    Tloc           0%         N/A       100%        2
 Corpse Rot               Necr/Air       0%         N/A       100%        2
 Dazzling Flash           Conj/Hex       0%         N/A       100%        3
 Lesser Beckoning         Tloc           0%         N/A       100%        3
 Mephitic Cloud           Conj/Pois/Air  0%         N/A       100%        3
 Swiftness                Air            0%         N/A       100%        3
 Airstrike                Air            0%         N/A       100%        4
 Cause Fear               Hex            0%         N/A       100%        4
 Dispel Undead            Necr           0%         3d6       100%        4
 Agony                    Necr           0%         N/A       100%        5
 Blade Hands              Tmut           0%         N/A       100%        5
 Manifold Assault         Tloc           0%         N/A       100%        5
 Silence                  Hex/Air        0%         N/A       100%        5
 Eringya's Noxious Bog    Tmut/Pois      0%         N/A       100%        6
 Iron Shot                Conj/Erth      0%         9d1       100%        6
 Dragon Form              Tmut           0%         N/A       100%        7
 Call Imp                 Summ           Unusable   N/A       N/A         2
 Animate Armour           Summ/Erth      Unusable   N/A       N/A         4
 Summon Forest            Summ/Tloc      Unusable   N/A       N/A         5
 Death Channel            Necr           Unusable   N/A       N/A         6
 Summon Hydra             Summ           Unusable   N/A       N/A         7
 Dragon's Call            Summ           Unusable   N/A       N/A         9

Dungeon Overview and Level Annotations

Branches:
Dungeon (12/15)            Temple (1/1) D:7            Lair (1/6) D:11
    Orc (0/2) D:11         Bailey (visited)         Volcano (1/1)

Altars:
Ashenzari
Cheibriados
Dithmenos
Elyvilon
Fedhas
Gozag
Hepliaklqana
Kikubaaqudgha
Makhleb
Nemelex Xobeh
Okawaru
Qazlal
Ru
Sif Muna
Trog
Uskayaw
Vehumet
Wu Jian
Xom
Yredelemnul
Zin
The Shining One

Shops:
D:2 (   D:10 [

Annotations:
D:3 3 runed translucent doors, Crazy Yiuf; Valamore's ghost, amateur MiFi


Innate Abilities, Weirdness & Mutations

You are immune to sickness and miasma.
Your stone body is resilient. (AC +8)
You are immune to poison.
You resist negative energy. (rN+)
You are resistant to electric shocks. (rElec)
You are resistant to unholy torment.
You are immune to petrification.


Message History

Found a great sword of flaming, a potion of might and 20 gold pieces.
A salamander mystic comes into view. It is wielding a +0 dagger.
Found a leather armour of fire resistance and a dagger.
The salamander mystic gestures at the salamander while chanting.
The salamander seems to speed up.
You block the salamander's attack.
The salamander hits you from afar with a +2 halberd.
You are engulfed in flames!
You block the salamander's attack.
The salamander hits you but does no damage.
The salamander closely misses you. You block the salamander's attack.
You hit the salamander.
The salamander is lightly wounded.
You block the salamander's attack.
The salamander hits you but does no damage.
You puncture the salamander!
The salamander is moderately wounded.
The salamander hits you but does no damage.
You hit the salamander.
The salamander is moderately wounded.
The salamander barely misses you.
You puncture the salamander mystic!
The salamander mystic is moderately wounded.
The salamander hits you from afar with a +2 halberd.
You are engulfed in flames!
You closely miss the salamander mystic.
The salamander mystic is moderately wounded.
The salamander hits you from afar with a +2 halberd!
You are engulfed in flames!
The salamander mystic barely misses you.
The salamander hits you from afar with a +2 halberd!
* * * LOW HITPOINT WARNING * * *
You are engulfed in flames!
* * * LOW HITPOINT WARNING * * *
There is a rocky tunnel leading out of this place here.
The salamander mystic hits you with a +0 dagger.
* * * LOW HITPOINT WARNING * * *
You are engulfed in flames!
You die...

### #☼## ###☼☼# ##≈§≈≈##
##≈§§§≈≈## #≈≈§§.§.≈# ##..§..###
###..)## #.N@#.# ### ###N#####
######## ##.######..#.###
###..##..###
####..N...........###...#......#
....§.≈≈≈§≈≈§§.......#####∩...∩#
....§≈≈§§§≈≈§≈§...§### #≈≈...≈#
#...§≈≈§≈§≈§§≈≈§≈.§..# ##§≈§≈≈#
....≈§≈§≈≈§≈§§§§§§§.## ##≈≈§##
#.....≈§§≈§§≈§≈≈≈....# ##°≈#


You could see a salamander mystic and a salamander (fast).

Vanquished Creatures
  A centaur warrior (D:10)
  4 two-headed ogres
  A salamander (Volcano)
  Psyche (D:9)
  4 gargoyles
  4 trolls
  5 blink frogs (Lair:1)
  A vampire (D:9)
  2 shadows (D:11)
  2 wyverns (D:9)
  4 wraiths
  10 yaks
  A basilisk (D:11)
  3 steam dragons
  4 vampire mosquitoes
  A water moccasin (D:5)
  6 orc warriors
  3 sky beasts
  4 black bears
  An ice beast (D:5)
  A necrophage (D:4)
  2 ogres
  12 centaurs
  2 phantoms (D:4)
  3 kobold brigands
  A wyvern zombie (D:5)
  5 bullfrogs
  2 scorpions
  2 water moccasin zombies (D:5)
  11 killer bees
  A wight (D:9)
  3 howler monkeys
  6 centaur zombies
  A bullfrog zombie (D:6)
  2 hounds
  5 orc priests
  A bullfrog skeleton (D:5)
  A gnoll shaman (D:10)
  A jelly (D:5)
  2 centaur skeletons (D:5)
  Natasha (thrice) (D:2)
  4 iguanas
  10 orc wizards
  A howler monkey zombie (D:9)
  8 gnolls
  10 adders
  A shadow imp (D:6)
  A white imp (D:4)
  2 ufetubi
  An adder skeleton (D:4)
  2 worms
  3 dart slugs
  28 orcs
  8 ball pythons
  4 endoplasms
  6 giant cockroaches
  3 hobgoblins
  2 jackals (D:2)
  17 kobolds
  8 quokkas
  4 bats
  3 frilled lizards
  10 goblins
  2 rats
267 creatures vanquished.

Vanquished Creatures (others)
  A kobold (D:8)
  4 fungi
  10 plants
15 creatures vanquished.

Grand Total: 282 creatures vanquished

Notes
Turn   | Place    | Note
-------+----------+-------------------------------------------
     0 | D:1      | PhantomBowie the Gargoyle Fighter began the quest for the
                  | Orb.
     0 | D:1      | Reached XP level 1. HP: 14/14 MP: 1/1
   191 | D:1      | Reached XP level 2. HP: 17/19 MP: 2/2
   665 | D:1      | Reached XP level 3. HP: 23/23 MP: 3/3
   861 | D:1      | Found a faded altar of an unknown god.
   875 | D:1      | You fall into a shaft and drop 1 floor!
   875 | D:2      | Found Dita's Weapon Shoppe.
   958 | D:2      | Found a sacrificial altar of Ru.
  1576 | D:2      | Reached XP level 4. HP: 12/29 MP: 4/4
  2677 | D:3      | Noticed a scorpion
  2847 | D:3      | Noticed Natasha
  2883 | D:2      | Killed Natasha
  2884 | D:2      | Reached XP level 5. HP: 18/33 MP: 5/5
  2892 | D:2      | Noticed Natasha
  2900 | D:2      | Killed Natasha
  3057 | D:2      | Noticed Natasha
  3067 | D:2      | Killed Natasha
  3236 | D:3      | Found a runed translucent door.
  3248 | D:3      | Noticed Valamore's ghost (amateur MiFi)
  3315 | D:3      | Found a runed translucent door.
  3316 | D:3      | Noticed Crazy Yiuf
  3437 | D:3      | Found a runed translucent door.
  3737 | D:3      | Reached XP level 6. HP: 25/39 MP: 6/6
  4176 | D:4      | Noticed an orc warrior
  4503 | D:4      | Reached skill level 5 in Fighting
  4503 | D:4      | Reached skill level 5 in Shields
  4505 | D:4      | Reached skill level 5 in Armour
  4778 | D:4      | Reached XP level 7. HP: 40/44 MP: 7/7
  5669 | D:5      | Entered Level 5 of the Dungeon
  5780 | D:5      | Reached XP level 8. HP: 38/51 MP: 8/8
  6220 | D:5      | Reached skill level 5 in Maces & Flails
  7299 | D:6      | Noticed a gargoyle
  7476 | D:6      | Killed a gargoyle
  7477 | D:6      | Reached XP level 9. HP: 12/57 MP: 9/9
  8251 | D:6      | Identified the +1 quarterstaff "Honiaj" {flame, Int+4}
  8449 | D:6      | Identified the +10 quarterstaff "Jynkuhu" {vorpal, rPois
                  | Dex+3 Stlth+}
  9021 | D:7      | Found a staircase to the Ecumenical Temple.
  9030 | Temple   | Entered the Ecumenical Temple
  9138 | Temple   | Became a worshipper of Warmaster Okawaru
  9220 | D:7      | Identified the +3 chain mail of the Ant {rElec rN+++ Will-
                  | Dex-4}
  9792 | D:8      | Found a flagged portal.
  9856 | D:8      | Noticed a troll
  9867 | D:8      | Killed a troll
 10227 | Bailey   | Entered a bailey
 10233 | Bailey   | Noticed an orc knight
 10369 | Bailey   | Reached XP level 10. HP: 59/64 MP: 10/10
 10491 | D:8      | Found a stormy altar of Qazlal.
 10494 | D:8      | Found a blossoming altar of Fedhas.
 10500 | D:8      | Reached * piety under Okawaru
 10516 | D:8      | Found a shimmering altar of Xom.
 10519 | D:8      | Found a broken altar of Ashenzari.
 10683 | D:8      | Found a basalt altar of Yredelemnul.
 12055 | D:9      | Found a burning altar of Makhleb.
 12151 | D:9      | Noticed Psyche
 12181 | D:9      | Killed Psyche
 12381 | D:9      | Reached ** piety under Okawaru
 12794 | D:9      | Noticed a two-headed ogre
 12872 | D:9      | Killed a two-headed ogre
 12873 | D:9      | Reached skill level 1 in Invocations
 13314 | D:9      | Reached *** piety under Okawaru
 13481 | D:10     | Entered Level 10 of the Dungeon
 13481 | D:10     | Found Ylih Koa's Antique Armour Boutique.
 13518 | D:9      | Reached XP level 11. HP: 47/71 MP: 12/12
 13778 | D:10     | Noticed a two-headed ogre
 13791 | D:9      | Killed a two-headed ogre
 13972 | D:10     | Reached **** piety under Okawaru
 14093 | D:10     | Noticed a centaur warrior
 14123 | D:9      | Reached skill level 10 in Shields
 14425 | D:10     | Identified the +1 scale mail "Xesueme" {rPois}
 14793 | D:10     | Reached skill level 10 in Fighting
 14905 | D:10     | Identified the +3 spear of Ipaloofroin {freeze, Str+2}
 15027 | D:10     | Reached skill level 10 in Armour
 15094 | D:10     | Killed a centaur warrior
 15771 | D:11     | Reached ***** piety under Okawaru
 16028 | D:11     | Reached skill level 5 in Invocations
 16299 | D:11     | Found a staircase to the Lair.
 16437 | D:11     | Noticed a two-headed ogre
 16617 | D:11     | Noticed a two-headed ogre
 16627 | D:11     | Killed a two-headed ogre
 16628 | D:11     | Reached XP level 12. HP: 67/79 MP: 14/16
 16795 | D:11     | Identified the +2 lajatang "Kotiymnol" {elec, rPois Str-2
                  | Dex+2} (Okawaru gifted it to you on level 11 of the
                  | Dungeon)
 16795 | D:11     | Received a gift from Okawaru
 16930 | D:11     | Found a staircase to the Orcish Mines.
 16960 | D:11     | Killed a two-headed ogre
 17209 | Lair:1   | Entered Level 1 of the Lair of Beasts
 17452 | Lair:1   | Identified the +8 chain mail "Neyqalis" {rC+ MP+9 Dex+3}
 17668 | Lair:1   | Found a dark tunnel.
 17677 | Volcano  | Entered a volcano
 17799 | Volcano  | HP: 4/80 [salamander mystic/+0 dagger (5)]
 17799 | Volcano  | Mangled by a salamander mystic

Illustrated notes

Levels and vault maps discovered:
D:1:      eino_arrival_tree_alley, layout_basic,
          shapermc_ecumenical_altar_mp_highgroup, minmay_cupped
D:2:      layout_basic, serial_shops, nicolae_shop_bloodbath_and_beyond,
          basic_altar, minmay_three_crescents
D:3:      layout_basic, ebering_ghost_sewer_f, dk_noncrumbling_2,
          minmay_between, uniq_crazy_yiuf_cottage, uniq_natasha
D:4:      layout_basic
D:5:      layout_cave_pools, serial_bayou, serial_bayou_crossing,
          serial_bayou_shore_b, serial_bayou_ford_a, serial_bayou_pond_b,
          fountainhead, minivault_23, grunt_ministairs_12
D:6:      layout_cave_pools
D:7:      layout_basic, lemuel_temple_firewalk_b
D:8:      layout_cave_pools, mainiacjoe_overflow_catwalk,
          grunt_temple_overflow_cloverleaf, enter_bailey_3
D:9:      minmay_polygon_palace, layout_basic, mainiacjoe_overflow_24_doors,
          uniq_psyche
D:10:     layout_stronghold, serial_shops, nicolae_stop_n_shop_2, dk_vineyard_2,
          minmay_fractal_squares_gapless_5
D:11:     layout_roguey, lair_entry_dummy, orc_0_dummy
D:12:     layout_small_grid, serial_shops, shop, shop, kennysheep_donut,
          minmay_gold_behind_fungi, kennysheep_opposing_triangles
Temple:   regret_index_temple_sphere_string
Lair:1:   layout_cave_pods, portal_ice_cave_entry_pillars_2,
          nicolae_volcano_entry_hallway, st_stairs_12
Volcano:  volcano_pools

Skill      XL: |  1  2  3  4  5  6  7  8  9 10 11 12 |
---------------+-------------------------------------+-----
Fighting       | 4 5 7 8 9 10 11 | 11.0
Armour         | 4 5 7 8 9 10 11 | 11.0
Shields        | 4 5 7 8 9 10 11 | 11.1
Maces & Flails | 3 4 5 7 8 9 |  9.8
Invocations    | 2 5 6 |  6.3

Action                   |  1- 3 |  4- 6 |  7- 9 | 10-12 || total
-------------------------+-------+-------+-------+-------++-------
Melee: Flail             |   140 |   150 |   230 |       ||   520
       Morningstar       |       |       |   208 |   682 ||   890
       Unarmed           |       |       |       |     3 ||     3
Throw: Boomerang         |       |       |     8 |       ||     8
       Dart              |       |       |     4 |    16 ||    20
  Use: Potion            |       |       |     1 |     1 ||     2
       Scroll            |       |       |       |     8 ||     8
Armor: Scale mail        |    32 |       |       |       ||    32
       Chain mail        |    58 |    88 |   216 |       ||   362
       Plate armour      |       |       |   157 |   737 ||   894
       Skin              |       |       |       |     2 ||     2
Dodge: Dodged            |    71 |    61 |   182 |   323 ||   637
Block: Buckler           |    25 |    36 |   142 |   282 ||   485
